 Dungeon Crawl Stone Soup version 0.30-a0-883-g5ad918d (webtiles) character file.

Game seed: 12211051978914214392

115 Think the Ducker (level 5, -1/54 HPs)
             Began as an Octopode Fighter on Mar 17, 2023.
             Slain by Sigmund
             ... wielding a +0 scythe
              (3 damage)
             ... on level 2 of the Dungeon.
             The game lasted 00:02:04 (1030 turns).

Think the Ducker (Octopode Fighter)                 Turns: 1030, Time: 00:02:04

Health: -1/54      AC: 22    Str: 15    XL:     5   Next: 0%
Magic:  5/5        EV:  2    Int: 11    God:
Gold:   67         SH:  4    Dex: 13    Spells: 4/4 levels left

rFire   . . .      SeeInvis .    a - +0 long sword
rCold   . . .      Faith    .    b - +0 buckler
rNeg    . . .      Spirit   .    (helmet currently unavailable)
rPois   +          Reflect  .    (no amulet)
rElec   .          Rampage  .    (no ring)
rCorr   .          Clarity  +    (no ring)
Will    .....      NoTele   +    (no ring)
Stlth   +                        (no ring)
HPRegen 0.29/turn                (no ring)
MPRegen 0.09/turn                (no ring)
                                 (no ring)
                                 (no ring)

@: mighty, tree-form
A: stationary, stasis, torment immunity, boosted hp, almost no armour,
(amphibious), 8 rings, (camouflage 1), (gelatinous body 1), (nimble swimmer 1),
(tentacles), (tentacle spike 1), clarity
a: no special abilities


You were on level 2 of the Dungeon.
You were a tree.
You visited 1 branch of the dungeon, and saw 2 of its levels.

You collected 67 gold pieces.

Inventory:

Hand Weapons
 a - a +0 long sword (weapon)
Armour
 b - a +0 buckler (worn)
Scrolls
 d - a scroll of identify {unknown}
 e - a scroll of fear {unknown}
 f - a scroll of amnesia {unknown}
Potions
 h - a potion of lignification


   Skills:
 - Level 3.0 Fighting
 - Level 2.0 Long Blades
 + Level 5.5 Dodging
 - Level 3.0 Shields


You had 4 spell levels left.
You didn't know any spells.
Your spell library was empty.

Dungeon Overview and Level Annotations

Branches:
Dungeon (2/15)

Altars:
Makhleb

Annotations:
D:2 Sigmund


Innate Abilities, Weirdness & Mutations

You are a tree.
Your roots penetrate the ground, keeping you stationary.
You cannot be teleported.
You are immune to unholy pain and torment.
Your maximum health is greatly increased.
You cannot wear most types of armour.
((You are amphibious.))
You can wear up to eight rings at the same time.
((Your skin changes colour to match your surroundings (Stealth+).))
((Your rubbery body absorbs attacks. (AC +1, EV +1)))
((You are camouflaged when in or above water. (Stealth+)))
((You have tentacles for arms and can constrict up to eight enemies at once.))
((One of your tentacles bears a spike.))
You possess an exceptional clarity of mind.


Message History

You swing at nothing.
You block the goblin's attack. Something hits you but does no damage.
You swing at nothing.
The goblin hits you but does no damage. x2
Something hits you but does no damage.
You barely miss the goblin. The goblin hits you but does no damage.
Something hits you.
* * * LOW HITPOINT WARNING * * *
You slash the goblin!
You kill the goblin!
You hear some strange, mumbled words.
A puff of flame appears from out of thin air!
The puff of flame misses you.
You have reached level 5!
You feel clever.
You cannot move.
You aren't carrying any items that you can evoke.
Okay, then.
What are your orders? t - Creak!
Orders for allies: a - Attack new target. r - Retreat! s - Stop attacking. g - Guard the area. f - Follow me.
Anything else - Cancel.
Follow me!
You block something's attack. What are your orders? t - Creak!
Orders for allies: a - Attack new target. r - Retreat! s - Stop attacking. g - Guard the area. f - Follow me.
Anything else - Cancel.
Follow me!
You have nothing you can fire or use right now.
Okay, then.
Sorry, you're not good enough to have a special ability.
Unknown command.
You cannot move.
You swing at nothing.
Something hits you.
* * * LOW HITPOINT WARNING * * *
You swing at nothing.
Something hits you.
You die...

#..# #..# .. #..#
.... # #####..#
.... #. #...†.##
.... ..
##.###.#### .
####. #..........
......##..###.####
#..{†♣.....# ###
.......)......#
....
###.#....####.#
#### #...#### #.#
###. .. #. ## #


There were no monsters in sight!

Vanquished Creatures
  Natasha (twice) (D:2)
  Robin (D:2)
  An adder (D:2)
  2 ball pythons
  A bat (D:2)
  3 endoplasms (D:1)
  A giant cockroach (D:1)
  14 goblins
  5 hobgoblins (D:2)
  A jackal (D:2)
  A kobold (D:1)
  3 quokkas
  2 frilled lizards (D:1)
  3 rats (D:1)
40 creatures vanquished.

Notes
Turn   | Place    | Note
-------+----------+-------------------------------------------
     0 | D:1      | Think the Octopode Fighter began the quest for the Orb.
     0 | D:1      | Reached XP level 1. HP: 16/16 MP: 1/1
    89 | D:1      | Reached XP level 2. HP: 18/21 MP: 2/2
   610 | D:1      | Reached skill level 4 in Dodging
   723 | D:2      | Reached XP level 3. HP: 26/26 MP: 3/3
   724 | D:2      | Noticed Robin
   730 | D:2      | Killed Robin
   763 | D:2      | Noticed Natasha
   767 | D:2      | Killed Natasha
   768 | D:2      | Reached skill level 5 in Dodging
   768 | D:2      | Reached XP level 4. HP: 21/31 MP: 4/4
   905 | D:2      | Found a burning altar of Makhleb.
  1003 | D:2      | Noticed Sigmund
  1009 | D:2      | Noticed Natasha
  1018 | D:2      | Gained mutation: You possess an exceptional clarity of
                  | mind. [potion of mutation]
  1018 | D:2      | Gained mutation: One of your tentacles bears a spike.
                  | [potion of mutation]
  1019 | D:2      | Killed Natasha
  1027 | D:2      | Reached XP level 5. HP: 7/36 MP: 5/5
  1029 | D:2      | HP: 2/54 [something (6)]
  1030 | D:2      | Slain by Sigmund

Illustrated notes

Levels and vault maps discovered:
D:1:      erik_arrival_blinker_ship, layout_basic
D:2:      layout_loops_ring, basic_altar, uniq_natasha, uniq_sigmund,
          uniq_crazy_yiuf_cottage, uniq_robin

Skill      XL: |  1  2  3 |
---------------+----------+-----
Dodging        | 4 5 |  5.5
Fighting       | |  3.0
Long Blades    | |  2.0
Shields        | |  3.0

Action                     |  1- 3 |  4- 6 || total
---------------------------+-------+-------++-------
  Melee: Long sword        |    55 |    22 ||    77
         Constrict         |    14 |     3 ||    17
         Tentacles         |    10 |     2 ||    12
    Use: Potion            |       |     3 ||     3
   Stab: Sleeping          |     5 |       ||     5
 Armour: Skin              |     4 |    36 ||    40
  Dodge: Dodged            |    20 |    12 ||    32
  Block: Buckler           |     8 |     7 ||    15

Table legend: (Time is in decaauts)
 A = Elapsed time spent in this place.
 B = Non-inter-level travel time spent in this place.
 C = Inter-level travel time spent in this place.
 D = Time resting spent in this place.
 E = Time spent auto-exploring this place.
 F = Levels seen in this place.
 G = Mean time per level.
                   A        B        C        D        E       F      G
               +--------+--------+--------+--------+--------+-----+--------+
         Total |   1065 |   1058 |      7 |      0 |    815 |   2 |  532.5 |
       Dungeon |   1065 |   1058 |      7 |      0 |    815 |   2 |  532.5 |
               +--------+--------+--------+--------+--------+-----+--------+

Top non-repeatable levels by time:
     D:1: 706 daAuts
     D:2: 359 daAuts
